 Dungeon Crawl Stone Soup version 0.28.0-43-g3370ac3207 (webtiles) character file.

Game seed: 14996581525124825372

4492 Murumi the Fighter (level 10, -7/108 (117) HPs)
             Began as an Ogre Gladiator on Mar 26, 2022.
             Was a Priest of Ashenzari.
             Mangled by a wight
             ... wielding a +0 halberd
              (11 damage)
             ... on level 7 of the Dungeon.
             The game lasted 00:37:45 (9271 turns).

Murumi the Fighter (Ogre Gladiator)                 Turns: 9271, Time: 00:37:46

HP:   -7/108 (117)  AC:  4    Str: 30    XL:     10   Next: 38%
MP:   19/19         EV: 12    Int: 11    God:    Ashenzari [***...]
Gold: 218           SH:  5    Dex: 10    Spells: 18/21 levels left

rFire   . . .      SeeInvis +   x - +12 mace "Dismay of Ashenzari" {vamp, Contam Fly Str+8, Elem, Self} (curse)
rCold   . . .      Faith    .   (no shield)
rNeg    . . .      Spirit   .   b - +0 robe
rPois   .          Reflect  +   c - +0 hat "Prophetic Chagrin" {Range, Cun} (curse)
rElec   .          Harm     .   t - +0 cloak "Revealing Paranoia" {Melee, Bglg} (curse)
rCorr   .          Rampage  .   (gloves unavailable)
Will    +....      Clarity  +   (boots unavailable)
Stlth   ++........              f - amulet of Ashenzari's Limitation {Reflect SH+5, Cun, Melee} (curse)
HPRegen 0.28/turn               (no ring)
MPRegen 0.16/turn               (no ring)

@: flying, drained
A: large, unfitting armour, tough skin 1
a: Renounce Religion, Curse Item, Shatter the Chains


You were on level 7 of the Dungeon.
You worshipped Ashenzari.
Ashenzari was most pleased with you.
You visited 1 branch of the dungeon, and saw 7 of its levels.
You also visited: Ossuary.

You collected 218 gold pieces.

Inventory:

Hand Weapons
 q - a +0 morningstar
 u - a +2 whip of flaming
 x - the cursed +12 mace "Dismay of Ashenzari" (weapon) {vamp, Contam Fly Str+8, Elem, Self}
   (You found it on level 5 of the Dungeon)

   It occasionally heals its wielder for a portion of the damage dealt when it
   wounds a living foe.
   Str:       It affects your strength (+8).
   Fly:       It grants you flight.
   Contam:    It causes magical contamination when unequipped.
   It has a curse which improves the following skills: Elements: Fire Magic, Ice
   Magic, Air Magic and Earth Magic.
   Introspection: Fighting and Spellcasting.
Missiles
 d - 2 throwing nets
 e - 152 stones (quivered)
 h - 3 boomerangs
 w - 6 silver boomerangs
Armour
 b - a +0 robe (worn)
 c - the cursed +0 hat "Prophetic Chagrin" (worn) {Range, Cun}

   It has a curse which improves the following skills: Ranged Combat: Slings,
   Bows, Crossbows and Throwing.
   Cunning:   Dodging and Stealth.
 t - the cursed +0 cloak "Revealing Paranoia" (worn) {Melee, Bglg}
   (You took it off Crazy Yiuf on level 4 of the Dungeon)

   It has a curse which improves the following skills: Melee Combat: Short
   Blades, Long Blades, Axes, Maces & Flails, Polearms, Staves and Unarmed
   Combat.
   Beguiling: Conjurations, Hexes and Translocations.
Jewellery
 f - the cursed amulet of Ashenzari's Limitation (around neck) {Reflect SH+5, Cun, Melee}
   (You found it on level 1 of the Dungeon)

   [amulet of reflection]

   It reflects blocked missile attacks.
   SH:        It affects your SH (+5).
   It has a curse which improves the following skills: Cunning: Dodging and
   Stealth.
   Melee Combat: Short Blades, Long Blades, Axes, Maces & Flails, Polearms,
   Staves and Unarmed Combat.
Wands
 n - a wand of polymorph (7)
Scrolls
 a - 2 scrolls of fear
 j - a scroll of enchant armour
 m - 3 scrolls of brand weapon
 o - 3 scrolls of amnesia
 p - a scroll of blinking
 r - 2 scrolls of summoning
 s - a scroll of enchant weapon
 v - 3 scrolls of teleportation
 y - a scroll of silence
Potions
 g - 3 potions of curing
 i - a potion of haste
 k - a potion of resistance
 l - 5 potions of flight
 z - 2 potions of mutation


   Skills:
 + Level 10.8(12.3) Fighting
 - Level 5.5(8.0) Maces & Flails
 - Level 7.3(9.0) Throwing
 - Level 2.0 Armour
 - Level 5.5(8.0) Dodging
 - Level 2.2(4.1) Stealth
 - Level 4.4(6.0) Spellcasting
 - Level 2.0 Transmutations
 - Level 2.0 Evocations


You had 18 spell levels left.
You knew the following spells:

 Your Spells              Type           Power      Damage    Failure   Level
a - Beastly Appendage     Tmut           14%        N/A       9%          1
b - Wereblood             Tmut           7%         N/A       13%         2

Your spell library contained the following spells:

 Spells                   Type           Power      Damage    Failure   Level
 Magic Dart               Conj           12%        1d3       19%         1
 Call Imp                 Summ           3%         N/A       28%         2
 Spider Form              Tmut/Pois      5%         N/A       36%         3
 Mephitic Cloud           Conj/Pois/Air  3%         N/A       50%         3


Dungeon Overview and Level Annotations

Branches:
Dungeon (7/15)             Temple (0/1) D:7         Ossuary (visited)

Altars:
Ashenzari
Gozag
Trog
Yredelemnul

Shops:
D:4 ?


Innate Abilities, Weirdness & Mutations

You are too large for most types of armour.
You have tough skin. (AC +1)


Message History

The wight is heavily damaged.
The wight barely misses you.
The wight hits you from afar with a +0 halberd!
You feel drained. The wight hits you with a +5 trident!
You are too injured to fight recklessly!
You are too injured to fight recklessly!
You hit the wight.
The wight is almost destroyed.
The wight hits you but does no damage.
The wight hits you from afar with a +0 halberd.
You feel drained. You block the wight's attack.
You sock the wight!
You destroy the wight!
The wight hits you with a +0 spear.
* * * LOW HITPOINT WARNING * * *
You feel drained.
* * * LOW HITPOINT WARNING * * *
You block the wight's attack.
You closely miss the wight. The wight hits you with a +2 mace!
* * * LOW HITPOINT WARNING * * *
You feel drained.
* * * LOW HITPOINT WARNING * * *
The wight misses you. x2
You hit the wight.
The wight is lightly damaged.
You block the wight's attack. The wight barely misses you.
The wight closely misses you.
You hit the wight.
The wight is lightly damaged.
The wight hits you with a +2 mace.
* * * LOW HITPOINT WARNING * * *
You block the wight's attack. x2
Okay, then.
You sock the wight!
You destroy the wight!
The wight barely misses you. The wight misses you.
You closely miss the wight. The wight hits you with a +2 mace!
* * * LOW HITPOINT WARNING * * *
The wight hits you from afar with a +0 halberd!
You die...

...........###
.............#####
.<...............####
....................##***
......................,,*
..................#+#,,,*
.............#....#.#,,,*
,,,..........#zz###.###,*
,,,..)......###)@)....+,*
,,,,.?.......,#.###.###,*
*,,,,.###...,....,#.#,,,*
,,,,,,**###.......#+#,∆,*
,*,,,,,* #..#....,,,,,,*
***,,*** ####....,,,****
,***,* ######*** ** *** *


You could see 2 wights.

Vanquished Creatures
  Pikel (D:5)
  Grinder (D:6)
  A steam dragon (D:6)
  3 vampire mosquitoes (D:6)
  Edmund (D:5)
  A water moccasin (D:6)
  3 sky beasts
  2 black bears
  An orc warrior (D:7)
  An ogre (D:6)
  3 necrophages (D:4)
  A centaur (D:7)
  2 phantoms
  A kobold brigand (D:7)
  3 elf zombies (Ossuary)
  A scorpion (D:5)
  A water moccasin zombie (D:4)
  A wyvern skeleton (D:6)
  9 wights
  7 centaur zombies
  5 human zombies
  A gnoll shaman (D:6)
  Crazy Yiuf (D:4)
  3 orc priests
  2 centaur skeletons
  A jelly (D:5)
  3 iguanas
  Ijyb (D:3)
  An orc wizard (D:7)
  3 scorpion zombies (D:4)
  A hound skeleton (D:5)
  5 mummies
  6 adders
  6 gnolls
  9 river rats (D:6)
  A shadow imp (D:5)
  3 worms (D:2)
  17 orcs
  6 endoplasms
  4 giant cockroaches
  4 goblins
  5 hobgoblins
  3 jackals (D:4)
  6 kobolds
  9 quokkas
  6 ball pythons
  6 bats
  14 frilled lizards
  17 rats
193 creatures vanquished.

Vanquished Creatures (others)
  2 river rats (D:6)
  2 rats (D:6)
  8 plants
12 creatures vanquished.

Grand Total: 205 creatures vanquished

Notes
Turn   | Place    | Note
-------+----------+-------------------------------------------
     0 | D:1      | Murumi the Ogre Gladiator began the quest for the Orb.
     0 | D:1      | Reached XP level 1. HP: 22/22 MP: 1/1
    27 | D:1      | Reached skill level 3 in Fighting
   163 | D:1      | Reached XP level 2. HP: 31/31 MP: 2/2
   407 | D:1      | Found a faded altar of an unknown god.
   415 | D:1      | Prayed at the altar of an unknown god.
   415 | D:1      | Became a worshipper of Ashenzari the Shackled
  1079 | D:2      | Reached XP level 3. HP: 27/37 MP: 3/3
  1185 | D:2      | Reached * piety under Ashenzari
  1257 | D:2      | Reached skill level 4 in Fighting
  1548 | D:2      | Learned a level 1 spell: Beastly Appendage
  1640 | D:2      | Reached skill level 1 in Armour
  1673 | D:2      | Reached XP level 4. HP: 48/48 MP: 4/4
  1692 | D:2      | Reached skill level 1 in Stealth
  1741 | D:3      | Noticed Ijyb
  1754 | D:3      | Killed Ijyb
  1755 | D:3      | Reached skill level 1 in Spellcasting
  1875 | D:3      | Identified the +4 spear "Plog" {antimagic, Contam *Corrode
                  | +Blink rN++ Stlth+}
  2363 | D:3      | Reached skill level 1 in Transmutations
  2523 | D:4      | Found a runed translucent door.
  2524 | D:4      | Noticed Crazy Yiuf
  2568 | D:4      | Reached skill level 1 in Evocations
  2568 | D:4      | Reached XP level 5. HP: 46/54 MP: 6/6
  2920 | D:4      | Noticed a black bear
  2932 | D:4      | Killed a black bear
  2933 | D:4      | Reached skill level 5 in Fighting
  2933 | D:4      | Reached XP level 6. HP: 55/66 MP: 4/9
  2935 | D:4      | Identified the cursed +0 hat "Prophetic Chagrin" {Range,
                  | Cun}
  3627 | D:4      | Reached skill level 6 in Fighting
  4236 | D:4      | Reached XP level 7. HP: 56/75 MP: 10/10
  4531 | D:4      | Reached skill level 7 in Fighting
  4566 | D:4      | Found a basalt altar of Yredelemnul.
  4945 | D:4      | Reached skill level 8 in Fighting
  4945 | D:4      | Reached XP level 8. HP: 61/86 MP: 11/11
  5166 | D:4      | Found Jimiy's Magic Scroll Shop.
  5324 | D:4      | Killed Crazy Yiuf
  5609 | D:4      | Reached ** piety under Ashenzari
  5643 | D:5      | Entered Level 5 of the Dungeon
  5643 | D:5      | Identified the +12 mace of True Grit {vamp, Contam Fly
                  | Str+8}
  5719 | D:5      | Noticed Pikel
  5750 | D:5      | Killed Pikel
  5751 | D:5      | Reached skill level 5 in Throwing
  6093 | D:5      | Learned a level 2 spell: Wereblood
  6169 | D:5      | Found an opulent altar of Gozag.
  6337 | D:5      | Noticed Edmund
  6346 | D:5      | Killed Edmund
  6473 | D:5      | Reached XP level 9. HP: 96/97 MP: 13/13
  6524 | D:5      | Found a bloodstained altar of Trog.
  6723 | D:5      | Reached skill level 9 in Fighting
  6824 | D:6      | Noticed Grinder
  6830 | D:6      | Killed Grinder
  7083 | D:6      | Reached *** piety under Ashenzari
  7221 | D:6      | Reached skill level 5 in Maces & Flails
  7615 | D:6      | Reached skill level 5 in Dodging
  8537 | D:6      | Reached XP level 10. HP: 114/114 MP: 16/16
  8663 | D:6      | Reached skill level 10 in Fighting
  8848 | D:7      | Found a sand-covered staircase.
  8854 | Ossuary  | Entered an ossuary
  9271 | D:7      | HP: 4/108 [wight/+2 mace (9)]
  9271 | D:7      | Mangled by a wight

Illustrated notes

Levels and vault maps discovered:
D:1:      minmay_arrival_four_houses, layout_basic,
          shapermc_ecumenical_altar_totnotflames
D:2:      minmay_diamond_boxcup, layout_rooms, guppyfry_early_lair_pool
D:3:      layout_rooms, amcnicky_mini_corridor_feature, roderic_lattice_a,
          corexii_shack, uniq_ijyb
D:4:      layout_loops_ring, lemuel_mausoleum_altar_yredelemnul, serial_shops,
          kennysheep_mini_moat, minmay_lizard_king, uniq_crazy_yiuf_cottage
D:5:      layout_loops_ring, mainiacjoe_overflow_tiny_flanked,
          lemuel_coloured_pillars_altar, uniq_edmund, uniq_pikel
D:6:      lemuel_ratsnest, layout_loops_cross, uniq_grinder
D:7:      layout_cave_pools, minmay_overflow_temple_star_hex,
          minmay_temple_entry_glass, nicolae_ossuary_entry_plus

Skill      XL: |  1  2  3  4  5  6  7  8  9 10 |
---------------+-------------------------------+-----
Fighting       | 3 4 5 6 8 9 10 | 10.8
Maces & Flails | 3 4 5 |  5.5
Dodging        | 3 4 5 |  5.5
Armour         | 1 2 |  2.0
Stealth        | 1 2 |  2.2
Spellcasting   | 1 2 3 4 |  4.4
Transmutations | 1 2 |  2.0
Evocations     | 1 2 |  2.0
Throwing       | 3 4 5 6 7 |  7.3

Action                   |  1- 3 |  4- 6 |  7- 9 | 10-12 || total
-------------------------+-------+-------+-------+-------++-------
Melee: Flail             |    82 |   192 |   130 |       ||   404
       Punch             |       |     2 |     1 |     3 ||     6
       Whip              |       |       |    13 |       ||    13
       Mace              |       |       |    89 |   111 ||   200
Throw: Throwing net      |     1 |       |       |       ||     1
       Stone             |    49 |    32 |    67 |    22 ||   170
       Boomerang         |       |       |     1 |       ||     1
 Cast: Beastly Appendage |       |     1 |       |       ||     1
       Wereblood         |       |       |       |     1 ||     1
Invok: Curse Item        |     2 |       |     2 |       ||     4
  Use: Scroll            |     3 |       |       |     1 ||     4
 Stab: Sleeping          |     2 |     4 |     8 |     2 ||    16
Armor: Robe              |    23 |    28 |    26 |    37 ||   114
Dodge: Dodged            |    44 |   100 |    70 |    55 ||   269
Block: Other             |    18 |    40 |    45 |    27 ||   130
       Reflection        |     1 |       |       |     1 ||     2
